 Dungeon Crawl Stone Soup version 0.25-a0-42-g6c54e25894 (webtiles) character file.

Game seed: 5064218039865277722, levelgen mode: deterministic

5026 MisterFreud the Grappler (level 10, -5/100 HPs)
             Began as a Troll Hunter on Oct 22, 2019.
             Slain by a two-headed ogre
             ... wielding a +0 giant club
              (21 damage)
             ... on level 8 of the Dungeon.
             The game lasted 00:14:25 (6370 turns).

MisterFreud the Grappler (Troll Hunter)             Turns: 6370, Time: 00:14:25

Health: -5/100     AC:  8    Str: 29    XL:     10   Next: 30%
Magic:  0/9        EV: 12    Int:  7    God:
Gold:   431        SH:  0    Dex: 10    Spells: 9/9 levels left

rFire    . . .     SeeInvis .     - Unarmed
rCold    . . .     Gourm    +   (no shield)
rNeg     . . .     Faith    .   b - +1 robe
rPois    .         Spirit   +   (helmet restricted)
rElec    .         Reflect  .   y - +0 cloak
rCorr    .         Harm     .   (gloves unavailable)
MR       .....                  (boots unavailable)
Stlth    +.........             q - amulet of guardian spirit
HPRegen  0.66/turn              i - +4 ring of strength
MPRegen  0.11/turn              (no ring)

@: no status effects
A: large, unfitting armour, claws 3, fast metabolism 3, gourmand, regeneration
1, shaggy fur 1, tough skin 3
a: no special abilities


You were on level 8 of the Dungeon.
You were full.

You visited 2 branches of the dungeon, and saw 9 of its levels.

You collected 431 gold pieces.

Inventory:

Missiles
 c - 5 large rocks (quivered)
 d - 4 throwing nets
 e - 9 boomerangs
Armour
 b - a +1 robe (worn)
 y - a +0 cloak (worn)
Jewellery
 i - a +4 ring of strength (left claw)
 q - an amulet of guardian spirit (around neck)
 u - an uncursed ring of see invisible {unknown}
Wands
 v - a wand of flame (3)
 w - a wand of digging (2)
 x - a wand of random effects (17)
Scrolls
 k - a scroll of enchant weapon
 l - 5 scrolls of teleportation
 r - a scroll of blinking
Potions
 a - 3 potions of curing
 g - 5 potions of lignification
 h - 5 potions of heal wounds
 j - 2 potions of haste
 m - a potion of mutation {unknown}
 n - a potion of flight {unknown}
 o - 2 potions of might {unknown}
 p - a potion of invisibility {unknown}
 s - a potion of brilliance {unknown}
 t - 2 potions of magic {unknown}
Comestibles
 f - 19 rations


   Skills:
 + Level 6.8 Fighting
 - Level 6.0 Throwing
 + Level 6.8 Dodging
 - Level 0.3 Stealth
 + Level 8.9 Unarmed Combat


You had 9 spell levels left.
You didn't know any spells.
Your spell library contained the following spells:

 Spells                   Type           Power        Failure   Level  Hunger
 Animate Skeleton         Necr           N/A          43%         1    ##.....
 Apportation              Tloc           #.....       43%         1    ##.....
 Confusing Touch          Hex            #.....       43%         1    ##.....
 Summon Small Mammal      Summ           #...         43%         1    ##.....


Dungeon Overview and Level Annotations

Branches:
Dungeon (8/15)             Temple (1/1) D:4            Lair (0/6) D:8

Altars:
Ashenzari
Dithmenos
Gozag
Hepliaklqana
Kikubaaqudgha
Makhleb
Nemelex Xobeh
Qazlal
Sif Muna
Trog
Uskayaw
Vehumet
Wu Jian
Xom
Yredelemnul
Lugonu


Innate Abilities, Weirdness & Mutations

You are too large for most types of armour.
You have claws for hands.
Your metabolism is lightning-fast.
You like to eat raw meat.
Your natural rate of healing is unusually fast.
You are covered in fur. (AC +1)
You have extremely tough skin. (AC +3)


Message History

The two-headed ogre completely misses you.
The orc misses you.
You scratch the two-headed ogre.
The two-headed ogre is lightly wounded.
The orc hits you but does no damage.
The two-headed ogre hits you with a +0 giant club!!
The two-headed ogre hits you with a +0 giant spiked club.
The two-headed ogre hits you with a +0 giant club!
The two-headed ogre barely misses you.
You mangle the two-headed ogre!!
The two-headed ogre is heavily wounded.
The two-headed ogre hits you with a +0 giant club!
The two-headed ogre hits you with a +0 giant spiked club!!
* * * LOW HITPOINT WARNING * * *
You claw the two-headed ogre!
The two-headed ogre is almost dead.
You scratch the two-headed ogre.
The two-headed ogre is almost dead.
The two-headed ogre hits you with a +0 giant club!!
You die...

##### #.... #####....
##########........
#..........##.....
#.###########..... #@#
#..#.. #O#
########..#.#
####o####.........#.#
#..ooo..#............
#.##.##>#.......#.#..
#....)!..#.........###
#..#!##..#.......###
#. .. ..#.......# #
##. ##.......#


You could see a two-headed ogre, an orc priest and 3 orcs.

Vanquished Creatures
  Pikel (D:5)
  Maurice (D:8)
  Joseph (D:8)
  A hornet (D:7)
  A spriggan (D:7)
  An orc warrior (D:7)
  A slave (D:5)
  3 ice beasts
  2 phantoms
  6 ogres
  5 necrophages
  3 centaurs (D:7)
  3 bullfrogs
  A wyvern skeleton (D:6)
  3 scorpions
  8 wights
  6 electric eels (D:7)
  A centaur zombie (D:7)
  2 crimson imps
  A hound (D:6)
  4 orc priests
  6 orc wizards
  2 bullfrog skeletons
  2 iguanas
  A worker ant (D:7)
  3 hound zombies
  A hound skeleton (D:4)
  A howler monkey zombie (D:5)
  3 worker ant zombies
  7 gnolls
  5 adders
  A shadow imp (D:7)
  3 adder skeletons
  A worm (D:3)
  4 dart slugs
  2 leopard geckos
  22 orcs
  3 ball pythons
  4 giant cockroaches
  2 goblins
  11 hobgoblins
  8 jackals
  4 quokkas
  6 bats
  7 frilled lizards
  A jackal skeleton (D:6)
  6 kobolds
  A leopard gecko zombie (D:7)
  6 rats
178 creatures vanquished.

Vanquished Creatures (others)
  A quokka (D:3)
  A plant (D:7)
2 creatures vanquished.

Grand Total: 180 creatures vanquished

Notes
Turn   | Place    | Note
-------+----------+-------------------------------------------
     0 | D:1      | MisterFreud the Troll Hunter began the quest for the Orb.
     0 | D:1      | Reached XP level 1. HP: 19/19 MP: 0/0
    79 | D:1      | Reached skill level 1 in Unarmed Combat
   140 | D:1      | Reached XP level 2. HP: 27/27 MP: 1/1
   200 | D:1      | Reached skill level 2 in Unarmed Combat
   676 | D:2      | Reached XP level 3. HP: 33/33 MP: 2/2
   743 | D:2      | Found a hide-covered altar of Uskayaw.
   743 | D:2      | Noticed a +0 hand axe
   743 | D:2      | Noticed a +0 dagger
   845 | D:2      | Noticed an ogre
   893 | D:1      | Killed an ogre
   893 | D:1      | Reached skill level 4 in Unarmed Combat
   893 | D:1      | Reached XP level 4. HP: 11/41 MP: 3/3
  1085 | D:2      | Found a basalt altar of Yredelemnul.
  1111 | D:2      | Reached XP level 5. HP: 46/48 MP: 4/4
  1457 | D:3      | Reached skill level 5 in Unarmed Combat
  2268 | D:4      | Found a staircase to the Ecumenical Temple.
  2278 | Temple   | Entered the Ecumenical Temple
  2351 | D:4      | Reached XP level 6. HP: 45/55 MP: 5/5
  2358 | D:4      | Reached skill level 6 in Unarmed Combat
  2366 | D:5      | Entered Level 5 of the Dungeon
  2532 | D:5      | Reached skill level 7 in Unarmed Combat
  2551 | D:5      | Reached XP level 7. HP: 59/62 MP: 6/6
  2610 | D:5      | Found an ancient bone altar of Kikubaaqudgha.
  2864 | D:4      | Reached skill level 8 in Unarmed Combat
  3363 | D:5      | Reached XP level 8. HP: 59/70 MP: 7/7
  3471 | D:5      | Found a shimmering altar of Xom.
  3669 | D:6      | Reached skill level 5 in Dodging
  3953 | D:6      | Noticed Pikel
  3978 | D:5      | Killed Pikel
  4105 | D:6      | Reached XP level 9. HP: 85/85 MP: 8/8
  4299 | D:7      | Reached skill level 5 in Fighting
  4738 | D:8      | Found a sparkling altar of Nemelex Xobeh.
  4738 | D:8      | Found an opulent altar of Gozag.
  4775 | D:8      | Noticed Joseph
  4791 | D:8      | Killed Joseph
  4791 | D:8      | Reached skill level 5 in Throwing
  4846 | D:8      | Found a staircase to the Lair.
  5577 | D:7      | Reached XP level 10. HP: 86/100 MP: 7/9
  6153 | D:8      | Found a shimmering blue altar of Sif Muna.
  6172 | D:8      | Noticed Maurice
  6180 | D:8      | Killed Maurice
  6264 | D:8      | Found a burning altar of Makhleb.
  6265 | D:8      | Found a radiant altar of Vehumet.
  6351 | D:8      | Noticed a two-headed ogre
  6370 | D:8      | Slain by a two-headed ogre

Levels and vault maps discovered:
D:1:      tarquinn_simple_flora_water_f, layout_rooms
D:2:      layout_loops_ring, dancing_weapons_uskayaw, yredelemnul_altar_generic,
          first_ration
D:3:      layout_loops_corners, minmay_liquid_box
D:4:      layout_loops_ring, temple_green
D:5:      layout_rooms, kiku_gazebo_garden_becter, basic_altar,
          serial_corexii_hall, chequers_hall_statues_corner_a,
          corexii_hall_statues_x
D:6:      layout_gridville, minmay_misc_feat_alley, uniq_pikel
D:7:      cheibrodos_two_vegetables, layout_layer_cave, serial_undead,
          serial_undead_d, serial_undead_b, serial_undead_d, serial_undead_d,
          the_bakery
D:8:      layout_loops_cross, grunt_temple_overflow_lords_of_destruction,
          grunt_temple_overflow_opulence, lemuel_blue_sif_altar, uniq_joseph,
          uniq_maurice
Temple:   corrupted_temple

Skill      XL: |  1  2  3  4  5  6  7  8  9 |
---------------+----------------------------+-----
Unarmed Combat | 1 2 4 5 7 8 |  8.9
Dodging        | 4 6 |  6.8
Fighting       | 4 6 |  6.8
Throwing       | 6 |  6.0
Stealth        | |  0.3

Action                   |  1- 3 |  4- 6 |  7- 9 | 10-12 || total
-------------------------+-------+-------+-------+-------++-------
Melee: Unarmed           |    91 |   112 |   284 |    50 ||   537
       Punch             |       |     2 |    11 |     1 ||    14
Throw: Large rock        |       |     1 |     1 |       ||     2
Evoke: Wand              |       |       |       |    11 ||    11
  Use: Scroll            |       |     6 |     9 |       ||    15
       Potion            |       |       |     1 |       ||     1
 Stab: Sleeping          |       |     1 |     1 |       ||     2
  Eat: Chunk             |     6 |    23 |    22 |    10 ||    61
Armor: Robe              |    28 |    33 |    68 |    17 ||   146
Dodge: Dodged            |    44 |    55 |   125 |    26 ||   250

Table legend:
 A = Non-vault XP
 B = Vault XP
 C = Vault XP percentage of total XP
 D = Non-vault monster count
 E = Vault monster count
 F = Vault count percentage of total count
                 A         B        C        D         E       F
            +---------+---------+-------+---------+---------+-------
      Total |    3773 |    3408 |  47.5 |     154 |      23 |  13.0
            +---------+---------+-------+---------+---------+-------
        D:1 |     158 |       0 |   0.0 |      23 |       0 |   0.0
        D:2 |      62 |       0 |   0.0 |      13 |       0 |   0.0
        D:3 |     148 |       0 |   0.0 |      25 |       0 |   0.0
        D:4 |     395 |       0 |   0.0 |      17 |       0 |   0.0
        D:5 |     883 |     651 |  42.4 |      18 |       1 |   5.3
        D:6 |     779 |       0 |   0.0 |      23 |       0 |   0.0
        D:7 |     917 |    1654 |  64.3 |      26 |      18 |  40.9
        D:8 |     431 |    1103 |  71.9 |       9 |       4 |  30.8
            +---------+---------+-------+---------+---------+-------
